General information
- name: BNet
- type: Ladder team game (AT/RT)
- host: Battle.net
- saver: iplaymyownteam
map: Battleground
- players: 8
- length: 41:00
- speed: Fast
- version: 1.28 W3XP
- replay type: Public
» download(254 KB)
Players
team 1 (winner)

»
DonkeyBrains (
purple | 52 APM | 1666 actions | 32:02)
6 Demon Hunter
3 Mana Burn
2 Evasion
1 Metamorphosis
» actions
| Assign group hotkey | 28 | |
| Basic commands | 20 | |
| Build / train | 95 | |
| Enter build submenu | 24 | |
| Enter hero's abilities submenu | 6 | |
| Give item / drop item | 3 | |
| Right click | 741 | |
| Select / deselect | 366 | |
| Select group hotkey | 321 | |
| Use ability | 62 | |
1666 total
» units
| Wisp | 29 | |
| Archer | 12 | |
| Hippogryph | 19 | |
| Chimaera | 9 | |
69 total
» upgrades
| Strength of the Wild | 3 | |
| Reinforced Hides | 3 | |
| Corrosive Breath | 1 | |
7 total
» buildings
| Altar of Elders | 1 | |
| Moon Well | 10 | |
| Ancient of War | 1 | |
| Tree of Ages | 1 | |
| Tree of Life | 2 | |
| Hunter's Hall | 1 | |
| Ancient Protector | 10 | |
| Tree of Eternity | 1 | |
| Ancient of Wind | 2 | |
| Ancient of Wonders | 1 | |
| Chimaera Roost | 2 | |
32 total
» build order
00:11 Altar of Elders
00:16 Moon Well
00:39 Ancient of War
01:37 Moon Well
02:45 Moon Well
03:48 Moon Well
04:59 Tree of Ages
05:59 Tree of Life
06:10 Hunter's Hall
07:45 Ancient Protector
07:47 Ancient Protector
08:15 Ancient Protector
08:16 Ancient Protector
08:17 Ancient Protector
10:13 Tree of Eternity
10:16 Moon Well
10:35 Ancient of Wind
11:15 Ancient of Wind
11:19 Ancient of Wonders
11:21 Ancient Protector
12:16 Ancient Protector
12:17 Ancient Protector
16:44 Chimaera Roost
16:45 Chimaera Roost
17:19 Ancient Protector
17:20 Ancient Protector
17:37 Moon Well
23:21 Moon Well
23:21 Moon Well
25:53 Tree of Life
27:05 Moon Well
28:53 Moon Well
» items
| Scroll of Town Portal | 3 | |
| Potion of Healing | 1 | |
| Healing Salve | 1 | |
| Periapt of Vitality | 2 | |
| Boots of Speed | 1 | |
| Scroll of Healing | 1 | |
| Potion of Lesser Invulnerability | 1 | |
10 total

»
Auron (
green | 41 APM | 1223 actions | 29:45)
6 Blademaster
3 Wind Walk
2 Critical Strike
1 Bladestorm
3 Naga Sea Witch
2 Frost Arrows
1 Forked Lightning
» actions
| Assign group hotkey | 15 | |
| Build / train | 77 | |
| Enter build submenu | 25 | |
| Enter hero's abilities submenu | 9 | |
| Give item / drop item | 1 | |
| Remove unit from queue | 1 | |
| Right click | 559 | |
| Select / deselect | 277 | |
| Select group hotkey | 199 | |
| Use ability | 60 | |
1223 total
» units
| Peon | 12 | |
| Grunt | 8 | |
| Shaman | 11 | |
| Tauren | 9 | |
| Demolisher | 4 | |
44 total
» upgrades
| Armor | 2 | |
| Spiked Barricades | 1 | |
| Pillage | 1 | |
| Shaman Training | 2 | |
| Melee Weapons | 1 | |
| Berserker Strength | 1 | |
| Pulverize | 1 | |
| Berserker Upgrade | 0 | |
9 total
» buildings
| Altar of Storms | 1 | |
| Orc Burrow | 12 | |
| Barracks | 1 | |
| War Mill | 1 | |
| Voodoo Lounge | 1 | |
| Watch Tower | 4 | |
| Stronghold | 1 | |
| Spirit Lodge | 1 | |
| Fortress | 1 | |
| Tauren Totem | 2 | |
25 total
» build order
00:10 Altar of Storms
00:16 Orc Burrow
01:13 Barracks
01:24 Orc Burrow
01:47 War Mill
02:23 Orc Burrow
02:34 Voodoo Lounge
03:16 Watch Tower
03:23 Orc Burrow
03:48 Watch Tower
04:31 Stronghold
05:30 Orc Burrow
06:59 Spirit Lodge
07:47 Fortress
08:25 Orc Burrow
10:18 Tauren Totem
11:35 Tauren Totem
11:48 Watch Tower
12:56 Watch Tower
13:35 Orc Burrow
14:36 Orc Burrow
17:20 Orc Burrow
18:16 Orc Burrow
24:52 Orc Burrow
25:55 Orc Burrow
» items
| Healing Salve | 3 | |
| Lesser Clarity Potion | 1 | |
| Orb of Lightning | 1 | |
| Potion of Healing | 1 | |
| Potion of Mana | 1 | |
| Scroll of Town Portal | 2 | |
9 total
iplaymyownteam (
red | 97 APM | 3986 actions | 41:00)
6 Blademaster
3 Wind Walk
2 Critical Strike
1 Bladestorm
» actions
| Assign group hotkey | 114 | |
| Basic commands | 463 | |
| Build / train | 134 | |
| ESC pressed | 6 | |
| Enter build submenu | 48 | |
| Enter hero's abilities submenu | 6 | |
| Give item / drop item | 9 | |
| Right click | 1241 | |
| Select / deselect | 457 | |
| Select group hotkey | 1281 | |
| Use ability | 227 | |
3986 total
» units
| Peon | 21 | |
| Grunt | 9 | |
| Troll Headhunter/Berserker | 9 | |
| Shaman | 3 | |
| Raider | 3 | |
| Wind Rider | 10 | |
55 total
» upgrades
| Ranged Weapons | 3 | |
| Berserker Strength | 1 | |
| Pillage | 1 | |
| Armor | 3 | |
| Shaman Training | 2 | |
| Berserker Upgrade | 1 | |
| Ensnare | 1 | |
| Reinforced Defenses | 1 | |
| Envenomed Spears | 1 | |
| Melee Weapons | 3 | |
| Spiked Barricades | 1 | |
| Well Spring | 1 | |
19 total
» buildings
| Orc Burrow | 9 | |
| Altar of Storms | 1 | |
| Barracks | 1 | |
| Voodoo Lounge | 2 | |
| War Mill | 1 | |
| Stronghold | 2 | |
| Watch Tower | 21 | |
| Beastiary | 3 | |
| Spirit Lodge | 1 | |
| Fortress | 4 | |
| Great Hall | 1 | |
46 total
» build order
00:57 Orc Burrow
01:04 Altar of Storms
01:06 Barracks
01:08 Orc Burrow
02:04 Voodoo Lounge
02:29 War Mill
03:14 Orc Burrow
04:22 Stronghold
04:23 Stronghold
05:12 Watch Tower
05:15 Watch Tower
05:19 Watch Tower
06:04 Orc Burrow
06:34 Watch Tower
06:39 Watch Tower
07:20 Beastiary
07:52 Spirit Lodge
08:10 Fortress
08:10 Fortress
08:10 Fortress
10:25 Orc Burrow
12:19 Voodoo Lounge
12:29 Watch Tower
14:19 Watch Tower
14:24 Orc Burrow
15:20 Great Hall
15:49 Watch Tower
15:50 Watch Tower
15:53 Watch Tower
15:57 Watch Tower
16:55 Watch Tower
17:02 Watch Tower
18:05 Watch Tower
18:07 Watch Tower
18:30 Watch Tower
19:13 Beastiary
19:14 Beastiary
21:09 Orc Burrow
21:19 Orc Burrow
23:04 Watch Tower
23:07 Watch Tower
23:10 Watch Tower
24:04 Watch Tower
24:09 Watch Tower
24:18 Orc Burrow
» items
| Boots of Speed | 2 | |
| Healing Salve | 9 | |
| Lesser Clarity Potion | 4 | |
| Scroll of Town Portal | 2 | |
| Potion of Mana | 2 | |
| Orb of Lightning | 1 | |
| Tiny Great Hall | 1 | |
21 total

»
blind.side (
blue | 58 APM | 2368 actions | 40:59)
4 Archmage
2 Summon Water Elemental
2 Brilliance Aura
3 Mountain King
2 Storm Bolt
1 Bash
» actions
| Assign group hotkey | 34 | |
| Basic commands | 436 | |
| Build / train | 72 | |
| ESC pressed | 6 | |
| Enter build submenu | 48 | |
| Enter hero's abilities submenu | 7 | |
| Give item / drop item | 1 | |
| Right click | 471 | |
| Select / deselect | 415 | |
| Select group hotkey | 776 | |
| Use ability | 102 | |
2368 total
» units
| Peasant | 18 | |
| Footman | 7 | |
| Mortar Team | 6 | |
| Siege Engine | 6 | |
37 total
» upgrades
| Lumber Harvesting | 2 | |
| Fragmentation Shards | 1 | |
| Barrage | 2 | |
| Gunpowder | 1 | |
| Masonry | 1 | |
7 total
» buildings
| Barracks | 2 | |
| Farm | 14 | |
| Altar of Kings | 4 | |
| Keep | 1 | |
| Arcane Vault | 1 | |
| Lumber Mill | 1 | |
| Blacksmith | 1 | |
| Castle | 1 | |
| Workshop | 4 | |
| Town Hall | 3 | |
| Scout Tower | 15 | |
| Guard Tower | 9 | |
56 total
» build order
00:19 Barracks
00:28 Barracks
00:33 Farm
00:42 Farm
01:30 Altar of Kings
02:25 Farm
03:12 Keep
03:36 Arcane Vault
04:55 Lumber Mill
05:01 Blacksmith
05:40 Farm
05:42 Farm
05:46 Farm
05:47 Farm
06:37 Castle
08:04 Workshop
08:07 Workshop
08:10 Workshop
08:38 Workshop
11:53 Farm
11:57 Town Hall
12:02 Scout Tower
12:06 Farm
12:07 Farm
12:07 Farm
12:08 Farm
12:54 Guard Tower
13:00 Scout Tower
18:27 Town Hall
21:41 Town Hall
21:48 Altar of Kings
21:51 Scout Tower
21:56 Scout Tower
22:00 Farm
22:08 Scout Tower
22:12 Scout Tower
22:16 Scout Tower
22:25 Guard Tower
22:28 Scout Tower
22:32 Scout Tower
22:43 Altar of Kings
22:45 Guard Tower
22:54 Farm
22:58 Scout Tower
23:00 Guard Tower
23:28 Guard Tower
23:39 Scout Tower
23:42 Scout Tower
23:50 Guard Tower
24:19 Guard Tower
24:21 Guard Tower
24:41 Altar of Kings
25:34 Scout Tower
25:40 Scout Tower
25:55 Scout Tower
26:02 Guard Tower
» items
| Scroll of Regeneration | 3 | |
| Orb of Fire | 1 | |
4 total
team 2 (loser)
LEGEND (
orange | 64 APM | 1276 actions | 19:53)
5 Priestess of the Moon
2 Searing Arrows
3 Trueshot Aura
» actions
| Assign group hotkey | 9 | |
| Build / train | 77 | |
| Enter build submenu | 19 | |
| Enter hero's abilities submenu | 5 | |
| Give item / drop item | 3 | |
| Right click | 632 | |
| Select / deselect | 336 | |
| Select group hotkey | 147 | |
| Use ability | 48 | |
1276 total
» units
| Wisp | 20 | |
| Archer | 16 | |
| Hippogryph | 12 | |
48 total
» upgrades
| Strength of the Moon | 3 | |
| Moon Armor | 2 | |
| Improved Bows | 1 | |
| Hippogryph Taming | 1 | |
| Marksmanship | 1 | |
| Nature's Blessing | 1 | |
| Well Spring | 1 | |
10 total
» buildings
| Altar of Elders | 1 | |
| Moon Well | 10 | |
| Ancient of War | 1 | |
| Hunter's Hall | 1 | |
| Tree of Ages | 4 | |
| Ancient of Wind | 2 | |
| Tree of Eternity | 4 | |
| Ancient Protector | 3 | |
| Ancient of Wonders | 1 | |
27 total
» build order
00:10 Altar of Elders
00:16 Moon Well
00:50 Ancient of War
01:33 Moon Well
01:56 Moon Well
02:48 Hunter's Hall
03:33 Tree of Ages
03:33 Tree of Ages
06:33 Moon Well
06:52 Ancient of Wind
06:59 Ancient of Wind
08:36 Moon Well
09:46 Moon Well
10:07 Tree of Eternity
10:08 Tree of Eternity
10:08 Tree of Eternity
12:17 Ancient Protector
12:20 Ancient Protector
12:26 Ancient Protector
12:58 Ancient of Wonders
17:09 Moon Well
17:26 Moon Well
18:21 Moon Well
18:26 Moon Well
» items
| Periapt of Vitality | 2 | |
| Boots of Speed | 1 | |
| Circlet of Nobility | 1 | |
| Orb of Venom | 1 | |
5 total
Adidas (
yellow | 84 APM | 1745 actions | 20:40)
5 Blademaster
3 Wind Walk
2 Critical Strike
2 Shadow Hunter
1 Healing Wave
1 Hex
» actions
| Assign group hotkey | 44 | |
| Build / train | 74 | |
| Enter build submenu | 12 | |
| Enter hero's abilities submenu | 7 | |
| Give item / drop item | 3 | |
| Right click | 783 | |
| Select / deselect | 158 | |
| Select group hotkey | 614 | |
| Use ability | 50 | |
1745 total
» units
| Peon | 7 | |
| Grunt | 8 | |
| Shaman | 21 | |
| Tauren | 8 | |
44 total
» upgrades
| Shaman Training | 2 | |
| Armor | 2 | |
| Melee Weapons | 1 | |
5 total
» buildings
| Orc Burrow | 6 | |
| Altar of Storms | 1 | |
| Barracks | 1 | |
| Voodoo Lounge | 1 | |
| Stronghold | 1 | |
| War Mill | 1 | |
| Spirit Lodge | 1 | |
| Fortress | 1 | |
| Tauren Totem | 1 | |
14 total
» build order
00:41 Orc Burrow
00:44 Altar of Storms
01:38 Barracks
01:46 Orc Burrow
02:00 Voodoo Lounge
02:36 Orc Burrow
03:42 Stronghold
04:44 Orc Burrow
05:09 War Mill
06:45 Spirit Lodge
08:02 Fortress
08:05 Orc Burrow
10:37 Tauren Totem
13:20 Orc Burrow
» items
| Healing Salve | 5 | |
| Dust of Appearance | 1 | |
| Lesser Clarity Potion | 1 | |
| Scroll of Speed | 1 | |
| Orb of Lightning | 3 | |
| Scroll of Town Portal | 3 | |
14 total
AKA-DAWG. (
teal | 67 APM | 2748 actions | 40:59)
6 Blademaster
3 Wind Walk
2 Critical Strike
1 Bladestorm
1 Shadow Hunter
1 Hex
» actions
| Assign group hotkey | 51 | |
| Basic commands | 24 | |
| Build / train | 68 | |
| Enter build submenu | 36 | |
| Enter hero's abilities submenu | 8 | |
| Give item / drop item | 4 | |
| Remove unit from queue | 2 | |
| Right click | 1300 | |
| Select / deselect | 295 | |
| Select group hotkey | 782 | |
| Use ability | 178 | |
2748 total
» units
| Peon | 13 | |
| Wind Rider | 4 | |
| Raider | 5 | |
| Troll Batrider | 5 | |
27 total
» upgrades
| Reinforced Defenses | 2 | |
| Envenomed Spears | 1 | |
| Ranged Weapons | 2 | |
| Armor | 2 | |
| Ensnare | 1 | |
| Melee Weapons | 1 | |
| Liquid Fire | 2 | |
11 total
» buildings
| Altar of Storms | 1 | |
| Orc Burrow | 6 | |
| War Mill | 1 | |
| Voodoo Lounge | 1 | |
| Watch Tower | 48 | |
| Stronghold | 2 | |
| Beastiary | 3 | |
| Fortress | 3 | |
| Tree of Life | 1 | |
66 total
» build order
00:06 Altar of Storms
00:22 Orc Burrow
00:51 War Mill
01:19 Voodoo Lounge
02:08 Watch Tower
02:13 Watch Tower
03:13 Stronghold
03:13 Stronghold
03:25 Watch Tower
03:45 Watch Tower
03:54 Orc Burrow
04:16 Orc Burrow
04:52 Watch Tower
05:28 Orc Burrow
05:45 Beastiary
05:55 Beastiary
06:44 Fortress
06:45 Fortress
07:47 Watch Tower
07:47 Watch Tower
10:23 Watch Tower
11:36 Watch Tower
11:36 Watch Tower
15:18 Beastiary
15:24 Orc Burrow
17:03 Orc Burrow
20:12 Watch Tower
20:12 Watch Tower
20:12 Watch Tower
20:13 Watch Tower
20:14 Watch Tower
20:14 Watch Tower
20:14 Watch Tower
20:15 Watch Tower
21:33 Watch Tower
22:19 Watch Tower
22:20 Watch Tower
22:21 Watch Tower
22:21 Watch Tower
22:22 Watch Tower
22:22 Watch Tower
22:23 Watch Tower
22:24 Watch Tower
22:44 Watch Tower
22:44 Watch Tower
22:47 Watch Tower
23:28 Watch Tower
23:28 Watch Tower
23:28 Watch Tower
23:41 Watch Tower
23:46 Watch Tower
23:48 Watch Tower
24:38 Watch Tower
24:39 Watch Tower
24:39 Watch Tower
25:13 Watch Tower
26:34 Tree of Life
37:34 Watch Tower
37:36 Watch Tower
37:36 Watch Tower
37:37 Watch Tower
37:38 Watch Tower
38:00 Watch Tower
38:02 Watch Tower
38:03 Watch Tower
» items
| Healing Salve | 2 | |
| Lesser Clarity Potion | 1 | |
| Staff of Teleportation | 1 | |
| Dust of Appearance | 1 | |
| Potion of Healing | 1 | |
| Potion of Mana | 1 | |
| Tiny Great Hall | 1 | |
| Scroll of Town Portal | 3 | |
11 total

»
iPhone69 (
pink | 75 APM | 1544 actions | 20:38)
4 Death Knight
2 Death Coil
2 Unholy Aura
2 Lich
1 Frost Nova
1 Frost Armor
» actions
| Assign group hotkey | 5 | |
| Basic commands | 181 | |
| Build / train | 59 | |
| Enter build submenu | 17 | |
| Enter hero's abilities submenu | 7 | |
| Give item / drop item | 1 | |
| Remove unit from queue | 2 | |
| Right click | 779 | |
| Select / deselect | 381 | |
| Select group hotkey | 7 | |
| Use ability | 105 | |
1544 total
» units
| Acolyte | 7 | |
| Ghoul | 3 | |
| Crypt Fiend | 12 | |
| Frost Wyrm | 2 | |
24 total
» upgrades
| Creature Attack | 2 | |
| Web | 1 | |
| Freezing Breath | 1 | |
4 total
» buildings
| Altar of Darkness | 1 | |
| Crypt | 1 | |
| Ziggurat | 4 | |
| Tomb of Relics | 1 | |
| Graveyard | 1 | |
| Halls of the Dead | 1 | |
| Spirit Tower | 1 | |
| Sacrificial Pit | 1 | |
| Black Citadel | 1 | |
| Boneyard | 2 | |
| Slaughterhouse | 1 | |
15 total
» build order
00:10 Altar of Darkness
00:13 Crypt
00:40 Ziggurat
01:00 Tomb of Relics
01:17 Graveyard
02:03 Ziggurat
04:27 Halls of the Dead
06:31 Spirit Tower
06:45 Ziggurat
10:03 Sacrificial Pit
12:08 Black Citadel
14:45 Ziggurat
15:08 Boneyard
15:20 Boneyard
18:26 Slaughterhouse
» items
| Rod of Necromancy | 2 | |
| Boots of Speed | 1 | |
| Scroll of Town Portal | 5 | |
| Potion of Healing | 4 | |
| Potion of Mana | 1 | |
| Orb of Corruption | 1 | |
14 total
Chat log
(00:11 / All) AKA-DAWG.: auron #1
(00:26 / All) Auron: :)
(00:46 / All) AKA-DAWG.: ffx da goat jrpg
(01:42 / All) AKA-DAWG.: green did u like ffx-2,
(02:08 / Allies) Auron: ehhh
(02:10 / Allies) Auron: it was weird
(04:04 / Allies) blind.side: take mid?
(04:12 / Allies) Auron: asap
(04:28 / Allies) DonkeyBrains: DONT BOTHER WITH TEAL GREEN>
(04:29 / Allies) DonkeyBrains: ?
(04:43 / Allies) Auron: what does that mean
(04:49 / Allies) DonkeyBrains: HE TECH
(04:51 / Allies) DonkeyBrains: GO HITTEM?
(05:55 / Allies) blind.side: comcgin
(06:30 / Allies) iplaymyownteam: counter
(07:56 / Allies) blind.side: morts
(07:57 / Allies) blind.side: tanks
(09:27 / Allies) blind.side: wood?
(10:26 / Allies) iplaymyownteam: ty
(10:52 / Allies) Auron: need aaa
(11:06 / Allies) Auron: need aa
(11:10 / Allies) blind.side: tanks ocming
(12:26 / Allies) DonkeyBrains: LUMBER>
(12:27 / Allies) DonkeyBrains: ?
(12:30 / Allies) blind.side: hit?
(12:36 / Allies) DonkeyBrains: TY
(15:34 / Allies) blind.side: TOGETHER
(16:56 / Allies) blind.side: WTF
(17:13 / Allies) DonkeyBrains: TEAL HIT MY MAIN
(17:30 / All) iplaymyownteam: the day blizz fixes ladder latency I'll never lose a hero again
(17:57 / All) iplaymyownteam: it's impossible to fucking cancel buildings with latency either
(18:58 / Allies) iplaymyownteam: wood plz
(19:07 / Allies) iplaymyownteam: ty
(20:08 / All) iPhone69: gg wp
(20:30 / Allies) blind.side: tp
(20:31 / Allies) blind.side: pls
(20:31 / Allies) DonkeyBrains: GOTVHYA BLUE
(20:32 / Allies) blind.side: no tp
(20:35 / Allies) blind.side: tyu
(20:38 / Allies) iplaymyownteam: no tp
(20:39 / Allies) iplaymyownteam: just hit
(20:41 / Allies) iplaymyownteam: finish it
(21:37 / Allies) iplaymyownteam: more wood if you can
(21:53 / Allies) iplaymyownteam: ty
(24:32 / Allies) blind.side: really red
(24:49 / Allies) iplaymyownteam: really what?
(24:59 / Allies) blind.side: what a herb
(25:05 / All) iplaymyownteam: herb?
(25:15 / All) iplaymyownteam: how am I a herb
(25:24 / Allies) Auron: meet
(25:26 / Allies) Auron: lets finish
(25:37 / Allies) DonkeyBrains: LOOK AT THIS PILE OF SHIT
(26:16 / Allies) Auron: red come on lets finish
(27:07 / Allies) blind.side: going afk. thanks for finishing up
(27:59 / Allies) Auron: red why are you being such a faggot?
(28:03 / All) AKA-DAWG.: leave plz
(28:05 / Allies) Auron: its just a game bud
(28:05 / All) AKA-DAWG.: try hards lol
(28:19 / All) Auron: clearly its over and you guys win...
(28:23 / All) Auron: congrats?
(28:43 / Allies) DonkeyBrains: i fucking hate this game
(28:43 / Allies) Auron: what a noob
(28:50 / All) iplaymyownteam: easy tk
(28:50 / Allies) Auron: spent all game building and then runis it
(28:52 / All) iplaymyownteam: It looked tough
(28:57 / All) iplaymyownteam: but you shouldn't judge a book by its cover
(29:07 / All) Auron: what a young kid..
(29:11 / All) iplaymyownteam: why is the game ruined for you
(29:16 / All) iplaymyownteam: unless you only take fun out of wins?
(29:18 / All) Auron: its not
(29:24 / All) Auron: it was a well played game
(29:24 / All) iplaymyownteam: was the rest of this match not fun for you?
(29:28 / All) Auron: we technically won
(29:29 / All) iplaymyownteam: what's the deal then
(29:29 / All) AKA-DAWG.: purple is the try hard
(29:34 / All) AKA-DAWG.: 4v4 and he has 200 apm
(29:35 / All) iplaymyownteam: it's not my fault you're upset
(29:38 / All) Auron: but your immature and need attention
(29:40 / All) iplaymyownteam: you can't win them all
(29:41 / All) Auron: its all good homie
(30:41 / All) DonkeyBrains: how pissed is blue gonna be
(31:27 / All) iplaymyownteam: easy
(31:43 / All) AKA-DAWG.: y would blue be pissed
(31:51 / Allies) DonkeyBrains: he said have fun finishing up
(32:05 / All) iplaymyownteam: I'm having fun finishing up
(32:20 / All) iplaymyownteam: it's too bad you guys only play games for wins
(32:26 / All) iplaymyownteam: it's not my fault you're upset and can't enjoy a game for what it is
(35:55 / All) AKA-DAWG.: u here?
(35:59 / All) iplaymyownteam: yeah are you
(36:03 / All) iplaymyownteam: I told you to kill purp and greens shit
(37:09 / All) AKA-DAWG.: this wsa real bad luck
(37:15 / All) AKA-DAWG.: didnt know purple had expo and
(38:18 / All) iplaymyownteam: I thought it would be harder
(38:32 / All) iplaymyownteam: My team looked like a tough tk but it wasn't hard to kill them at all
(38:34 / All) AKA-DAWG.: it was closer than uthink cuz ur 2 allies were gonna have expos
(38:37 / All) iplaymyownteam: they gave up fast and didn't fight back at all
(38:47 / All) AKA-DAWG.: i BARELY managed to finish blues, and they had 2 armies protecting it
(38:59 / All) iplaymyownteam: you could've killed purp's hippos there but weren't watching
(39:00 / All) AKA-DAWG.: if i didnt finish blues it prob would have been over
(39:02 / All) iplaymyownteam: and didn't react fast
(39:11 / All) AKA-DAWG.: when
(39:19 / All) iplaymyownteam: when purp came to you hitting blue with his hippos
(39:37 / All) AKA-DAWG.: i was hoping for oj to help, he never did
(39:43 / All) iplaymyownteam: those towers are going to take forever to kill green man
(39:56 / All) iplaymyownteam: could've killed with an army and shaved 1-3 mins off this game
(40:06 / All) AKA-DAWG.: i was in the bathroom
(40:36 / Allies) iplaymyownteam: anything to say for yourself, blue?
(40:49 / Allies) iplaymyownteam: 140-160 now lmao